 Dungeon Crawl Stone Soup version 0.29-a0-857-g9b1aa3ac5b (webtiles) character file.

Game seed: 10140279918497155204

80409 jimonade the Warrior (level 16, -1/134 (136) HPs)
             Began as a Formicid Fighter on July 17, 2022.
             Was a High Priest of Okawaru.
             Slain by a +2 antimagic dire flail (9 damage)
             ... on level 1 of the Elven Halls.
             The game lasted 01:25:23 (21770 turns).

jimonade the Warrior (Formicid Fighter)            Turns: 21770, Time: 01:25:23

HP:   -1/134 (136)  AC: 20    Str: 29    XL:     16   Next: 14%
MP:   0/29          EV: 11    Int: 15    God:    Okawaru [*****.]
Gold: 1938          SH: 14    Dex:  7    Spells: 33/33 levels left

rFire   + . .      SeeInvis +   a - +7 quarterstaff (vamp)
rCold   + + .      Faith    .   x - +0 tower shield
rNeg    . . .      Spirit   .   X - +1 plate armour {rC+}
rPois   +          Reflect  .   (helmet unavailable)
rElec   +          Harm     .   U - scarf {rC+ rF+}
rCorr   +          Rampage  .   y - +2 pair of gloves of the Slightly Bent {rElec rPois Str+7 Dex-3}
Will    +....                   k - +0 pair of boots of Jaesui Mada {rPois Dex-3 Stlth+}
Stlth   ..........              g - amulet of regeneration
HPRegen 1.12/turn               B - +4 ring of evasion
MPRegen 0.21/turn               u - ring of resist corrosion

@: lightly drained
A: permanent stasis, dig shafts and tunnels, antennae 3, four strong arms
a: Dig, Shaft Self, Renounce Religion, Heroism, Finesse, Duel


You were on level 1 of the Elven Halls.
You worshipped Okawaru.
Okawaru was extremely pleased with you.
You visited 5 branches of the dungeon, and saw 20 of its levels.
You also visited: Sewer and Ice Cave.

You collected 2216 gold pieces.
You spent 278 gold pieces at shops.

Inventory:

Hand Weapons
 a - a +7 vampiric quarterstaff (weapon)
Missiles
 h - 4 curare-tipped darts
 i - 9 javelins
 m - 5 datura-tipped darts
 p - 39 poisoned darts (quivered)
 M - 4 atropa-tipped darts
 W - 3 silver javelins
Armour
 k - the +0 pair of boots of Jaesui Mada (worn) {rPois Dex-3 Stlth+}
   (Okawaru gifted it to you on level 2 of the Orcish Mines)

   Dex:       It affects your dexterity (-3).
   rPois:     It protects you from poison.
   Stlth:     It makes you more stealthy.
 x - a +0 tower shield (worn)
 y - the +2 pair of gloves of the Slightly Bent (worn) {rElec rPois Str+7 Dex-3}
   (Okawaru gifted it to you on level 2 of the Lair of Beasts)

   Str:       It affects your strength (+7).
   Dex:       It affects your dexterity (-3).
   rElec:     It insulates you from electricity.
   rPois:     It protects you from poison.
 E - the +0 cloak "Taor Zent" {Will+++ rCorr MP-9 Dex+2}
   (Okawaru gifted it to you on level 5 of the Lair of Beasts)

   Dex:       It affects your dexterity (+2).
   MP:        It affects your magic capacity (-9).
   rCorr:     It protects you from acid and corrosion.
   Will:      It greatly increases your willpower.
 I - a scarf of invisibility
 U - a scarf of resistance (worn)
 X - a +1 plate armour of cold resistance (worn)
Magical Staves
 d - a staff of poison
 O - a staff of fire
 Y - a staff of earth
Jewellery
 g - an amulet of regeneration (around neck)
 n - the ring "Pafuune" {Fly rC++ rN+ Int-3 Dex+4}
   (You found it in an ice cave)

   [ring of positive energy]

   Int:       It affects your intelligence (-3).
   Dex:       It affects your dexterity (+4).
   rC:        It greatly protects you from cold.
   rN:        It protects you from negative energy.
   Fly:       It grants you flight.
 t - a ring of protection from cold
 u - a ring of resist corrosion (right hand)
 v - a ring of willpower
 B - a +4 ring of evasion (left hand)
Wands
 j - a wand of light (4)
 z - a wand of paralysis (25)
 F - a wand of mindburst (21)
 R - a wand of roots (10)
Scrolls
 b - a scroll of amnesia
 l - a scroll of poison
 r - a scroll of fear
 A - 3 scrolls of magic mapping
 J - 4 scrolls of fog
 N - 5 scrolls of enchant armour
 P - 2 scrolls of brand weapon
Potions
 c - a potion of magic {unknown}
 f - 9 potions of heal wounds
 o - 15 potions of curing
 q - 4 potions of brilliance
 s - 8 potions of flight
 C - 2 potions of mutation
 H - 3 potions of cancellation
 L - 2 potions of resistance
 S - 2 potions of invisibility
 T - a potion of ambrosia {unknown}
 V - 3 potions of might
 Z - 4 potions of lignification
Miscellaneous
 w - a phial of floods


   Skills:
 * Level 15.3 Fighting
 - Level 14.0 Staves
 + Level 0.1 Ranged Weapons
 + Level 2.8 Throwing
 + Level 10.5 Armour
 + Level 4.5 Dodging
 + Level 0.1 Stealth
 + Level 10.8 Shields
 * Level 9.2 Spellcasting
 * Level 3.2 Ice Magic
 * Level 4.0 Poison Magic
 * Level 11.5 Invocations
 * Level 4.8 Evocations


You had 33 spell levels left.
You didn't know any spells.
Your spell library contained the following spells:

 Spells                   Type           Power      Damage    Failure   Level
 Sting                    Tmut/Pois      52%        1d5       78%         1
 Poisonous Vapours        Pois/Air       26%        N/A       89%         2
 Ozocubu's Armour         Ice            16%        N/A       94%         3
 Beastly Appendage        Tmut           12%        N/A       97%         1
 Spider Form              Tmut/Pois      13%        N/A       98%         3
 Wereblood                Tmut           6%         N/A       99%         2
 Olgreb's Toxic Radiance  Pois           19%        N/A       99%         4
 Confusing Touch          Hex            6%         N/A       100%        3
 Gell's Gravitas          Tloc           6%         N/A       100%        3
 Inner Flame              Hex/Fire       6%         N/A       100%        3
 Lesser Beckoning         Tloc           6%         N/A       100%        3
 Teleport Other           Tloc           6%         N/A       100%        3
 Airstrike                Air            3%         0-2+      100%        4
 Lightning Bolt           Conj/Air       3%         1d14      100%        5
 Ozocubu's Refrigeration  Ice            8%         4d6       100%        7
 Storm Form               Tmut/Air       3%         N/A       100%        7
 Maxwell's Capacitive Co  Air            3%         ∞         100%        8
 Summon Lightning Spire   Summ/Air       Unusable   N/A       N/A         4
 Summon Horrible Things   Summ           Unusable   N/A       N/A         8

Dungeon Overview and Level Annotations

Branches:
Dungeon (10/15)            Temple (1/1) D:4            Lair (6/6) D:8
 Shoals (0/4) Lair:2        Snake (0/4) Lair:2        Slime (0/5) Lair:6
    Orc (2/2) D:9             Elf (1/3) Orc:2         Sewer (visited)
  IceCv (visited)

Altars:
Ashenzari
Cheibriados
Dithmenos
Elyvilon
Fedhas
Gozag
Hepliaklqana
Kikubaaqudgha
Makhleb
Nemelex Xobeh
Okawaru
Qazlal
Ru
Sif Muna
Trog
Uskayaw
Vehumet
Wu Jian
Xom
Yredelemnul
Zin
The Shining One
Jiyva

Shops:
D:5 ?   Orc:2 *=![


Innate Abilities, Weirdness & Mutations

You cannot be hasted, slowed, berserked, paralysed or teleported.
You can dig through walls and to a lower floor.
You have a pair of large antennae on your head. (SInv)
Your four strong arms can wield two-handed weapons with a shield.


Message History

You don't have enough magic at the moment.
You hit the +2 antimagic dire flail.
The +2 antimagic dire flail is lightly damaged.
You block the +2 antimagic dire flail's attack.
The +2 antimagic dire flail hits you!
You feel your power leaking away.
You miss the +2 antimagic dire flail. The +2 antimagic dire flail hits you!!
You hit the +2 antimagic dire flail but do no damage.
The +2 antimagic dire flail hits you but does no damage.
You hit the +2 antimagic dire flail but do no damage.
The +2 antimagic dire flail hits you!
* * * LOW HITPOINT WARNING * * *
You barely miss the +2 antimagic dire flail.
You block the +2 antimagic dire flail's attack.
The +2 antimagic dire flail hits you.
* * * LOW HITPOINT WARNING * * *
You bludgeon the +2 antimagic dire flail!!
The +2 antimagic dire flail is severely damaged.
The +2 antimagic dire flail hits you but does no damage.
You closely miss the +2 antimagic dire flail.
The +2 antimagic dire flail is severely damaged.
The +2 antimagic dire flail misses you.
You miss the +2 antimagic dire flail.
The +2 antimagic dire flail is severely damaged.
You block the +2 antimagic dire flail's attack. x2
You closely miss the +2 antimagic dire flail.
The +2 antimagic dire flail is severely damaged.
The +2 antimagic dire flail hits you!!
* * * LOW HITPOINT WARNING * * *
You feel your power leaking away.
You hit the +2 antimagic dire flail.
The +2 antimagic dire flail is severely damaged.
The +2 antimagic dire flail hits you.
* * * LOW HITPOINT WARNING * * *
You miss the +2 antimagic dire flail.
The +2 antimagic dire flail is severely damaged.
The +2 antimagic dire flail hits you.
* * * LOW HITPOINT WARNING * * *
The +2 antimagic dire flail hits you!
You die...

............#####.#
..................#
..(...............#
..................#
..$.......##.###.#
..$....# #.# #.#
#...####.# #.#####
####(......#
#......
#>.@..######
#...### #.##.####
#...# #. #.#
#.######.## .. ..#
#.......# #######
##.######### ##.
##......... ## ##
##.#######
#.#########...# #
###.##...##.##.# #


You could see a +2 antimagic dire flail.

Vanquished Creatures
  A deep elf sorcerer (Elf:1)
  An orc warlord (Orc:2)
  Snorg (Orc:2)
  Josephine (Orc:2)
  A boulder beetle (Lair:3)
  10 hydras
  Fannar (Orc:1)
  A merfolk avatar (Lair:6)
  3 dancing weapons (Elf:1)
  3 two-headed ogres
  5 orc high priests (Orc:2)
  Urug (Lair:1)
  2 deep elf archers (Elf:1)
  A wizard (Elf:1)
  7 deep elf pyromancers (Elf:1)
  An ugly thing (IceCv)
  9 deep elf zephyrmancers
  5 orc knights (Orc:2)
  A necromancer (IceCv)
  4 orc sorcerers
  3 oklob plants
  A manticore (Lair:6)
  5 black mambas
  A merfolk siren (Lair:2)
  17 elephants
  Maurice (Orc:2)
  A gargoyle (D:10)
  An ice statue (IceCv)
  12 cane toads
  5 rime drakes
  A kobold demonologist (Elf:1)
  6 freezing wraiths (IceCv)
  3 anaconda simulacra (IceCv)
  11 ice devils (IceCv)
  An entropy weaver simulacrum (IceCv)
  9 komodo dragons
  2 trolls (Orc:2)
  A hornet (Lair:6)
  5 polar bears
  11 blink frogs
  A snapping turtle (Lair:6)
  A water elemental (Elf:1)
  7 wyverns
  6 wraiths
  32 yaks
  A basilisk (Lair:6)
  2 vampire mosquitoes (D:10)
  2 steam dragons
  A fire elemental (Elf:1)
  A harpy simulacrum (IceCv)
  4 death yak simulacra (IceCv)
  A warg (Orc:1)
  3 nagas (Lair:2)
  12 water moccasins
  45 orc warriors
  A sky beast (D:7)
  An ice beast (D:5)
  5 black bears
  13 ogres
  12 wolves
  A boggart (Elf:1)
  2 centaurs
  3 kobold brigands (D:10)
  A gnoll sergeant (D:9)
  3 necrophages
  17 bullfrogs
  A two-headed ogre simulacrum (IceCv)
  3 cane toad simulacra (IceCv)
  3 scorpions
  7 wights
  The ghost of porpoise the Poker, a weakling BaWr (D:3)
  17 killer bees
  3 elephant simulacra (IceCv)
  8 howler monkeys
  A vampire bat (D:4)
  An electric eel (Lair:2)
  7 hounds
  39 orc priests
  2 jellies
  2 gnoll boudas
  Jessica (D:3)
  6 iguanas
  Terence (D:2)
  23 orc wizards
  6 polar bear simulacra (IceCv)
  2 hell rats (Lair:4)
  A troll simulacrum (IceCv)
  2 spriggan simulacra (IceCv)
  4 wolf simulacra (IceCv)
  13 gnolls
  13 river rats
  9 adders
  A naga simulacrum (IceCv)
  A white imp (D:6)
  4 ufetubi
  A worm (D:2)
  A dart slug (D:1)
  115 orcs
  20 ball pythons
  10 endoplasms
  3 giant cockroaches
  4 goblins
  3 hobgoblins
  6 quokkas
  11 bats
  3 frilled lizards
  15 kobolds
  28 rats
736 creatures vanquished.

Vanquished Creatures (others)
  A deep elf zephyrmancer (Elf:1)
  10 fungi
  32 plants
43 creatures vanquished.

Grand Total: 779 creatures vanquished

Notes
Turn   | Place    | Note
-------+----------+-------------------------------------------
     0 | D:1      | jimonade the Formicid Fighter began the quest for the Orb.
     0 | D:1      | Reached XP level 1. HP: 18/18 MP: 1/1
    91 | D:1      | Reached XP level 2. HP: 23/24 MP: 2/2
   387 | D:1      | Reached XP level 3. HP: 29/30 MP: 3/3
   862 | D:2      | Found a faded altar of an unknown god.
   997 | D:2      | Reached XP level 4. HP: 37/37 MP: 4/4
  1054 | D:2      | Noticed Terence
  1076 | D:2      | Killed Terence
  1077 | D:2      | Reached skill level 4 in Fighting
  1413 | D:3      | Found a large runed translucent door.
  1415 | D:3      | Found a large runed translucent door.
  1417 | D:3      | Noticed porpoise's ghost (weakling BaWr)
  1441 | D:3      | Found a glowing drain.
  1455 | Sewer    | Entered a sewer
  1505 | Sewer    | Reached XP level 5. HP: 43/43 MP: 5/5
  1879 | Sewer    | Reached skill level 1 in Dodging
  1912 | Sewer    | Noticed a bullfrog
  1913 | Sewer    | Noticed a bullfrog
  1925 | Sewer    | Killed a bullfrog
  1926 | Sewer    | Reached XP level 6. HP: 11/50 MP: 6/6
  1928 | Sewer    | Reached skill level 5 in Fighting
  2064 | D:3      | Noticed Jessica
  2069 | D:3      | Killed Jessica
  2191 | D:3      | Reached XP level 7. HP: 56/56 MP: 7/7
  2350 | D:3      | Identified the +0 hat "Sovaenk" {Drain Will+ Str+4}
  2937 | D:3      | Killed porpoise's ghost
  2986 | D:4      | Found a staircase to the Ecumenical Temple.
  2999 | Temple   | Entered the Ecumenical Temple
  3145 | Temple   | Became a worshipper of Warmaster Okawaru
  3255 | D:4      | Reached skill level 5 in Armour
  3255 | D:4      | Reached skill level 5 in Shields
  3505 | D:4      | Reached skill level 5 in Staves
  3699 | D:5      | Entered Level 5 of the Dungeon
  3699 | D:5      | Found Xiabroast's Magic Scroll Boutique.
  3703 | D:5      | Bought a scroll of brand weapon for 123 gold pieces
  3717 | D:5      | Reached XP level 8. HP: 64/64 MP: 8/8
  3748 | D:5      | Reached * piety under Okawaru
  3763 | D:5      | Bought a scroll of enchant weapon for 97 gold pieces
  3776 | D:5      | Reached skill level 6 in Fighting
  3981 | D:5      | Found a radiant altar of Vehumet.
  4062 | D:5      | Found a snail-covered altar of Cheibriados.
  4065 | D:5      | Found an ornate altar of the Wu Jian Council.
  4065 | D:5      | Found a broken altar of Ashenzari.
  4072 | D:5      | Found a stormy altar of Qazlal.
  4297 | D:5      | Reached XP level 9. HP: 70/71 MP: 9/9
  4820 | D:6      | Reached skill level 1 in Invocations
  4832 | D:6      | Got the Exposition on Allies and Interference
  4842 | D:6      | Noticed a deep elf zephyrmancer
  4853 | D:6      | Killed a deep elf zephyrmancer
  4853 | D:6      | Reached ** piety under Okawaru
  4854 | D:6      | Reached skill level 7 in Fighting
  5650 | D:7      | Reached skill level 1 in Spellcasting
  5697 | D:7      | Reached *** piety under Okawaru
  6012 | D:7      | Reached XP level 10. HP: 73/80 MP: 12/12
  6431 | D:8      | Noticed a six-headed hydra
  6614 | D:8      | Reached skill level 8 in Fighting
  6819 | D:8      | Reached **** piety under Okawaru
  7010 | D:8      | Reached skill level 9 in Fighting
  7130 | D:8      | Found a staircase to the Lair.
  7131 | D:8      | Noticed a komodo dragon
  7163 | D:8      | Killed a komodo dragon
  7342 | D:8      | Found a hazy altar of Hepliaklqana.
  7472 | D:8      | Reached skill level 5 in Invocations
  7511 | D:8      | Reached ***** piety under Okawaru
  7512 | D:8      | Reached XP level 11. HP: 83/89 MP: 15/15
  7682 | D:8      | Killed a six-headed hydra
  7683 | D:8      | Reached skill level 10 in Staves
  8062 | D:9      | Found a staircase to the Orcish Mines.
  8592 | D:10     | Entered Level 10 of the Dungeon
  8614 | D:10     | Reached skill level 10 in Fighting
  9085 | D:10     | Noticed a two-headed ogre
  9296 | D:10     | Killed a two-headed ogre
  9296 | D:10     | Identified the +0 cloak of Sin {-Tele rElec Will- MP+9}
                  | (Okawaru gifted it to you on level 10 of the Dungeon)
  9296 | D:10     | Received a gift from Okawaru
 10399 | Lair:1   | Entered Level 1 of the Lair of Beasts
 10510 | D:8      | HP: 4/92 [cane toad (18)]
 10734 | Lair:1   | Reached XP level 12. HP: 99/99 MP: 16/19
 10841 | Lair:1   | Noticed Urug
 10862 | Lair:1   | Killed Urug
 10937 | Lair:1   | Reached ****** piety under Okawaru
 11051 | Lair:1   | Reached skill level 5 in Spellcasting
 11094 | Lair:1   | Reached skill level 1 in Throwing
 11108 | Lair:1   | Reached skill level 11 in Fighting
 11328 | Lair:1   | Noticed a five-headed hydra
 11340 | Lair:1   | Killed a five-headed hydra
 11634 | Lair:2   | Found a staircase to the Shoals.
 11785 | Lair:2   | Received a gift from Okawaru
 11838 | Lair:2   | Noticed a six-headed hydra
 11860 | Lair:2   | Killed a six-headed hydra
 11860 | Lair:2   | Identified the +2 pair of gloves of the Slightly Bent
                  | {rElec rPois Str+7 Dex-3} (Okawaru gifted it to you on
                  | level 2 of the Lair of Beasts)
 11860 | Lair:2   | Received a gift from Okawaru
 11954 | Lair:2   | Found a staircase to the Snake Pit.
 12054 | Lair:2   | Reached XP level 13. HP: 107/107 MP: 20/22
 12782 | Lair:3   | Reached skill level 12 in Fighting
 12880 | Lair:3   | Found the +5 demon whip "Spellbinder" {antimagic, Will+}
 12885 | Lair:3   | Noticed a five-headed hydra
 12897 | Lair:3   | Killed a five-headed hydra
 12935 | Lair:3   | Noticed a boulder beetle
 12957 | Lair:3   | Killed a boulder beetle
 13099 | Lair:3   | Noticed a five-headed hydra
 13103 | Lair:3   | Killed a five-headed hydra
 14233 | Lair:4   | Received a gift from Okawaru
 14753 | Lair:5   | Noticed a five-headed hydra
 14775 | Lair:5   | Killed a five-headed hydra
 14951 | Lair:5   | Noticed an eight-headed hydra
 14951 | Lair:5   | Noticed a four-headed hydra
 14978 | Lair:5   | Killed a four-headed hydra
 14985 | Lair:5   | Killed an eight-headed hydra
 15101 | Lair:5   | Reached XP level 14. HP: 116/116 MP: 24/24
 15139 | Lair:5   | Identified the +0 cloak "Taor Zent" {Will+++ rCorr MP-9
                  | Dex+2} (Okawaru gifted it to you on level 5 of the Lair of
                  | Beasts)
 15139 | Lair:5   | Received a gift from Okawaru
 15140 | Lair:5   | Reached skill level 13 in Fighting
 15657 | Lair:6   | Entered Level 6 of the Lair of Beasts
 15736 | Lair:6   | Found a frozen archway.
 15745 | IceCv    | Entered an ice cave
 16103 | IceCv    | Found an ancient bone altar of Kikubaaqudgha.
 16165 | IceCv    | Reached skill level 10 in Invocations
 16563 | IceCv    | Identified the ring "Pafuune" {Fly rC++ rN+ Int-3 Dex+4}
 16872 | Lair:6   | Reached skill level 1 in Evocations
 17143 | Lair:6   | Reached skill level 14 in Fighting
 17237 | Lair:6   | Found a viscous altar of Jiyva.
 17239 | Lair:6   | Found a staircase to the Slime Pits.
 17374 | Lair:6   | Received a gift from Okawaru
 17458 | Lair:6   | Reached XP level 15. HP: 49/126 MP: 27/27
 17941 | Orc:1    | Entered Level 1 of the Orcish Mines
 17941 | Orc:1    | Noticed Fannar
 17970 | Orc:1    | Killed Fannar
 18474 | Orc:2    | Entered Level 2 of the Orcish Mines
 18474 | Orc:2    | Noticed Josephine
 18514 | Orc:2    | Killed Josephine
 18791 | Orc:2    | Noticed Snorg
 18815 | Orc:2    | Killed Snorg
 18817 | Orc:2    | Reached skill level 10 in Shields
 19139 | Orc:2    | Noticed Maurice
 19166 | Orc:2    | Killed Maurice
 19280 | Orc:2    | Reached skill level 1 in Poison Magic
 19411 | Orc:2    | Found a staircase to the Elven Halls.
 19555 | Orc:2    | Noticed an orc warlord
 19600 | Orc:2    | Killed an orc warlord
 19822 | Orc:2    | Received a gift from Okawaru
 19823 | Orc:2    | Reached skill level 10 in Armour
 19961 | Orc:2    | Reached skill level 1 in Ice Magic
 20048 | Orc:2    | Found Zuhufipp's Assorted Antiques.
 20078 | Orc:2    | Found Pomoadin's Jewellery Emporium.
 20329 | Orc:2    | Found Bokiuqixe's Distillery.
 20349 | Orc:2    | Found Jatroet's Armour Shop.
 20374 | Orc:2    | Identified the +0 pair of boots of Jaesui Mada {rPois Dex-3
                  | Stlth+} (Okawaru gifted it to you on level 2 of the Orcish
                  | Mines)
 20374 | Orc:2    | Received a gift from Okawaru
 20522 | Orc:2    | Reached skill level 15 in Fighting
 20794 | Orc:2    | Bought a +0 tower shield for 58 gold pieces
 21035 | Elf:1    | Entered Level 1 of the Elven Halls
 21175 | Elf:1    | Noticed a deep elf sorcerer
 21204 | Elf:1    | Killed a deep elf sorcerer
 21247 | Elf:1    | Reached XP level 16. HP: 136/136 MP: 29/29
 21770 | Elf:1    | Slain by a +2 antimagic dire flail

Illustrated notes

Levels and vault maps discovered:
D:1:      matt_arrival_refuge, layout_loops_ring, minmay_pentomino_r4
D:2:      layout_basic, hellmonk_ecumenical_altar_blasted, uniq_terence
D:3:      layout_loops_ring, portal_sewer_entry_d, ebering_ghost_disaster_area,
          uniq_jessica
D:4:      layout_cave_pools, minmay_temple_entry_large_hall, roderic_batcave
D:5:      layout_basic, nicolae_overflow_hallway_of_the_gods, serial_shops,
          nicolae_shop_hallway_stairs, minmay_crossroads
D:6:      layout_loops_cross, minivault_10, guppyfry_early_elven_hall
D:7:      layout_basic, st_stairs_13, minmay_circle_x
D:8:      layout_gridville, nicolae_hepliaklqana_hippocampus,
          david_lair_shrubbed, chequers_serial_rivers_micro_e
D:9:      layout_roguey, orc_0_dummy
D:10:     cheibrodos_helix_gallery, layout_layer_cave, minmay_misc_feat_tiny,
          roderic_serpentine_path
Temple:   nicolae_temple_elliptical
Lair:1:   layout_chaotic_city, grunt_megastairs_3, uniq_urug
Lair:2:   layout_misc_corridors, minmay_shoals_entry_lonely_mermaid,
          guppyfry_snake_entry_island, serial_bayou_shore_b,
          infiniplex_staircase_pool, serial_bayou_shore_b
Lair:3:   layout_cave_shapes, dreamdust_gnoll_shepherd
Lair:4:   layout_layer_cave, kennysheep_rathole
Lair:5:   layout_hall_layers
Lair:6:   gammafunk_lair_ancient_temple, layout_long_grid,
          minmay_slime_entry_oklob_enclosed, portal_ice_cave_entry_pillars_1
Orc:1:    layout_caves, uniq_fannar
Orc:2:    pubby_orc_utopia, serial_shops, uniq_josephine, uniq_maurice,
          uniq_snorg
Elf:1:    eino_elf_arrival_customs, layout_loops_cross, hangedman_elf_disciples,
          lemuel_upstairs_altar

Skill      XL: |  1  2  3  4  5  6  7  8  9 10 11 12 13 14 15 16 |
---------------+-------------------------------------------------+-----
Fighting       | 4 5 6 7 9 10 11 12 14 15 | 15.3
Staves         | 3 5 7 8 9 10 11 13 14 | 14.0
Armour         | 4 5 6 7 8 9 10 | 10.5
Dodging        | 1 2 3 4 |  4.5
Shields        | 5 6 7 8 9 10 | 10.8
Invocations    | 3 5 6 8 9 10 11 | 11.5
Spellcasting   | 1 3 4 6 7 8 9 |  9.2
Throwing       | 1 2 |  2.8
Evocations     | 2 4 |  4.8
Poison Magic   | 3 4 |  4.0
Ice Magic      | 2 3 |  3.2
Ranged Weapons | |  0.1
Stealth        | |  0.1

Action                   |  1- 3 |  4- 6 |  7- 9 | 10-12 | 13-15 | 16-18 || total
-------------------------+-------+-------+-------+-------+-------+-------++-------
Melee: Quarterstaff      |    85 |   153 |   281 |   722 |  1795 |    78 ||  3114
 Fire: Arbalest          |       |       |       |     1 |       |       ||     1
Throw: Javelin           |       |     7 |     1 |    25 |     9 |       ||    42
       Boomerang         |       |       |       |     6 |       |       ||     6
       Dart              |       |       |       |       |    21 |       ||    21
Invok: Heroism           |       |       |       |     4 |    24 |     3 ||    31
       Finesse           |       |       |       |     1 |     8 |       ||     9
 Abil: Dig               |       |       |       |       |     4 |       ||     4
  Use: Scroll            |       |    10 |     3 |     9 |    10 |       ||    32
       Potion            |       |     1 |       |     2 |       |       ||     3
 Stab: Sleeping          |       |       |       |     1 |       |       ||     1
Armor: Scale mail        |    27 |   116 |     3 |       |       |       ||   146
       Chain mail        |       |       |    66 |    25 |   167 |       ||   258
       Ring mail         |       |       |    31 |   120 |       |       ||   151
       Plate armour      |       |       |       |       |   457 |    15 ||   472
Dodge: Dodged            |    26 |    98 |   146 |   399 |   809 |    19 ||  1497
Block: Buckler           |    21 |    66 |    91 |   198 |   505 |       ||   881
       Tower shield      |       |       |       |       |    31 |    35 ||    66

Table legend: (Time is in decaauts)
 A = Elapsed time spent in this place.
 B = Non-inter-level travel time spent in this place.
 C = Inter-level travel time spent in this place.
 D = Time resting spent in this place.
 E = Time spent auto-exploring this place.
 F = Levels seen in this place.
 G = Mean time per level.
                   A        B        C        D        E       F      G
               +--------+--------+--------+--------+--------+-----+--------+
         Total |  21100 |  20031 |   1069 |   1664 |  10857 |  22 |  959.1 |
       Dungeon |  10019 |   9508 |    511 |    884 |   5801 |  10 | 1001.9 |
        Temple |    163 |    134 |     29 |      0 |    118 |   1 |  163.0 |
          Lair |   6009 |   5603 |    406 |    176 |   3446 |   6 | 1001.5 |
  Orcish Mines |   2753 |   2631 |    122 |    239 |   1268 |   2 | 1376.5 |
   Elven Halls |    693 |    693 |      0 |     44 |     91 |   1 |  693.0 |
         Sewer |    651 |    651 |      0 |    152 |     57 |   1 |  651.0 |
      Ice Cave |    808 |    808 |      0 |    169 |     74 |   1 |  808.0 |
               +--------+--------+--------+--------+--------+-----+--------+

Top non-repeatable levels by time:
   Orc:2: 2298 daAuts
     D:8: 1778 daAuts
    D:10: 1535 daAuts
  Lair:3: 1386 daAuts
  Lair:6: 1120 daAuts
  Lair:2: 1072 daAuts
     D:3: 1050 daAuts
  Lair:5: 1022 daAuts
     D:7: 1017 daAuts
     D:6: 984 daAuts
     D:9: 928 daAuts
     D:1: 845 daAuts
  Lair:1: 834 daAuts
   IceCv: 808 daAuts
     D:5: 760 daAuts
